 Dungeon Crawl Stone Soup version 0.27.1-35-g4d5d836560 (webtiles) character file.

Game seed: 17667937865866155658

8754 Aldia the Geomancer (level 11, -11/61 HPs)
             Began as a Gargoyle Earth Elementalist on July 28, 2022.
             Was a Priest of Sif Muna.
             Mangled by an orc knight (32 damage)
             ... in a bailey.
             The game lasted 00:33:38 (12250 turns).

Aldia the Geomancer (Gargoyle Earth Elementalist)  Turns: 12250, Time: 00:33:39

Health: -11/61     AC: 25    Str: 13    XL:     11   Next: 35%
Magic:  7/22       EV: 11    Int: 18    God:    Sif Muna [***...]
Gold:   342        SH:  7    Dex: 10    Spells: 9/25 levels left

rFire    . . .     SeeInvis .   g - +3 whip (venom)
rCold    . . .     Faith    .   a - +2 buckler {AC+3}
rNeg     + . .     Spirit   .   L - +0 acid dragon scales
rPois    ∞         Reflect  .   K - +0 helmet
rElec    +         Harm     .   w - +0 cloak
rCorr    +         Rampage  .   k - +0 pair of gloves
Will     +....                  (no boots)
Stlth    +.........             (no amulet)
HPRegen  0.20/turn              v - +4 ring of protection
MPRegen  0.18/turn              y - ring of willpower

@: no status effects
A: sickness immunity, AC +8, negative energy resistance 1, electricity
resistance, torment resistance 1, petrification resistance
a: Renounce Religion, Channel Magic, Forget Spell


You were in a bailey.
You worshipped Sif Muna.
Sif Muna was most pleased with you.
You visited 2 branches of the dungeon, and saw 12 of its levels.
You also visited: Bailey.

You collected 660 gold pieces.
You spent 318 gold pieces at shops.

Inventory:

Hand Weapons
 g - a +3 whip of venom (weapon)
 I - a +2 scimitar of flaming
Missiles
 c - 108 stones
Armour
 a - a +2 buckler of protection (worn)
 k - a +0 pair of gloves (worn)
 s - a +0 plate armour
 w - a +0 cloak (worn)
 B - a +0 kite shield
 J - a +2 robe of positive energy
 K - a +0 helmet (worn)
 L - +0 acid dragon scales (worn)
Jewellery
 d - a +6 ring of dexterity
 e - a ring of positive energy
 l - a +4 ring of evasion
 q - an amulet of faith
 v - a +4 ring of protection (left hand)
 y - a ring of willpower (right hand)
 A - a ring of protection from cold
Wands
 n - a wand of digging (12)
 H - a wand of iceblast (3)
Scrolls
 b - 2 scrolls of blinking
 t - a scroll of magic mapping
 x - 3 scrolls of fog
 z - 5 scrolls of teleportation
 C - a scroll of enchant weapon
 E - 4 scrolls of amnesia
 F - 2 scrolls of enchant armour
 G - 3 scrolls of identify
 N - a scroll of acquirement
Potions
 f - 3 potions of flight
 h - a potion of berserk rage
 i - 2 potions of attraction
 j - 2 potions of magic
 m - 3 potions of curing
 o - 2 potions of haste
 p - 4 potions of brilliance
 r - 6 potions of heal wounds
 u - 3 potions of might
 D - a potion of ambrosia
 M - a potion of mutation


   Skills:
 - Level 4.0 Fighting
 + Level 2.8 Armour
 - Level 2.0 Dodging
 - Level 2.1 Stealth
 - Level 6.0 Shields
 + Level 7.6 Spellcasting
 + Level 10.0 Conjurations
 - Level 0.7 Transmutations
 - Level 1.0 Air Magic
 + Level 10.8 Earth Magic
 - Level 2.0 Poison Magic
 + Level 4.2 Invocations


You had 9 spell levels left.
You knew the following spells:

 Your Spells              Type           Power      Damage    Failure   Level
a - Sandblast             Erth           90%        2d19      1%          1
b - Stone Arrow           Conj/Erth      88%        3d12      1%          3
c - Mephitic Cloud        Conj/Pois/Air  22%        N/A       8%          3
d - Magic Dart            Conj           100%       1d8       1%          1
e - Passwall              Tmut/Erth      22%        N/A       1%          2
f - Iron Shot             Conj/Erth      22%        9d5       30%         6

Your spell library contained the following spells:

 Spells                   Type           Power      Damage    Failure   Level
 Conjure Flame            Conj/Fire      24%        6-21      6%          3
 Petrify                  Tmut/Erth      27%        N/A       14%         4
 Animate Armour           Summ/Erth      52%        N/A       16%         4
 Sticky Flame             Conj/Fire      24%        2d5       19%         4
 Call Imp                 Summ           6%         N/A       22%         2
 Slow                     Hex            6%         N/A       22%         2
 Ignite Poison            Fire/Tmut/Pois 10%        N/A       30%         3
 Confusing Touch          Hex            6%         N/A       41%         3
 Frozen Ramparts          Ice            12%        1d3       41%         3
 Ice Form                 Ice/Tmut       8%         N/A       77%         4
 Summon Ice Beast         Ice/Summ       6%         N/A       83%         4
 Blade Hands              Tmut           4%         N/A       97%         5
 Yara's Violent Unravell  Hex/Tmut       4%         3d4       98%         5


Dungeon Overview and Level Annotations

Branches:
Dungeon (11/15)            Temple (1/1) D:4            Lair (0/6) D:11
    Orc (0/2) D:10         Bailey (1/1)

Altars:
Ashenzari
Cheibriados
Dithmenos
Elyvilon
Fedhas
Gozag
Kikubaaqudgha
Makhleb
Nemelex Xobeh
Okawaru
Qazlal
Ru
Sif Muna
Trog
Uskayaw
Vehumet
Wu Jian
Xom
Yredelemnul
Zin
The Shining One

Shops:
D:8 =   D:9 **

Annotations:
D:8 3 runed translucent doors


Innate Abilities, Weirdness & Mutations

You are immune to sickness and miasma.
Your stone body is resilient. (AC +8)
You are immune to poison.
You resist negative energy. (rN+)
You are resistant to electric shocks. (rElec)
You are resistant to unholy torment.
You are immune to petrification.


Message History

The orc knight goes into a battle-frenzy!
Casting: Stone Arrow (safe; 1% risk of failure)
Confirm with . or Enter, or press ? or * to list all spells.
Aiming: Mephitic Cloud (dangerous; 8% risk of failure)
Press: ? - help, Shift-Dir - straight line, f/p - orc knight
Aim: an orc knight, wielding a +0 halberd and wearing a +0 scale mail (almost dead, strong, chance to affect: 58%)
The ball explodes into a vile cloud!
The stinking cloud engulfs the orc knight but does no damage.
The orc knight is almost dead.
The stinking cloud engulfs the orc knight but does no damage.
You hear a shout!
The orc knight is engulfed in noxious fumes.
The orc knight appears confused.
The orc knight is engulfed in noxious fumes.
Unknown command.
You hit the orc knight but do no damage.
The orc knight is poisoned.
The orc knight is almost dead.
The orc knight is engulfed in noxious fumes. x2
The orc knight appears confused.
You barely miss the orc knight.
The orc knight is engulfed in noxious fumes.
The orc knight barely misses you.
You hit the orc knight but do no damage.
The orc knight is poisoned.
The orc knight is lightly wounded.
The orc knight is engulfed in noxious fumes.
The orc knight appears confused.
The orc knight is engulfed in noxious fumes.
The orc knight chortles and stares into space.
The orc knight is engulfed in noxious fumes.
The orc knight appears confused.
You barely miss the orc knight.
The orc knight is almost dead.
The orc knight barely misses the orc knight.
Unknown command.
The orc knight seems less confused.
The orc knight hits you from afar with a +0 halberd!!
Ouch! That really hurt!
You die...

#######
##..∩..##
#.......#
#∩..)..∩#
#...)...#
#.).)...#
#..))...#
#.)..)..#
#...@...#
#.......#
#...o...#
#..°°o..#
##.....##
###o###
#...#
#...#
#...#


You could see 3 orc knights.

Vanquished Creatures
  A two-headed ogre (D:9)
  Erica (D:8)
  An orc knight (Bailey)
  Pikel (D:8)
  2 deep elf pyromancers (D:10)
  An ugly thing (D:8)
  Psyche (D:8)
  A troll (D:10)
  3 yaks (D:5)
  Menkaure (D:5)
  An acid dragon (D:10)
  4 water moccasins
  10 orc warriors
  A sky beast (D:5)
  A black bear (D:6)
  3 ogres
  2 centaurs (D:5)
  A necrophage (D:6)
  A kobold brigand (D:10)
  2 bullfrogs
  A scorpion (D:7)
  3 gnoll sergeants
  A wyvern zombie (D:8)
  9 wights
  2 bullfrog zombies
  3 centaur zombies
  3 orc priests
  A bullfrog skeleton (D:6)
  2 iguanas
  9 orc wizards
  A killer bee zombie (D:8)
  A howler monkey zombie (D:8)
  9 gnolls
  5 adders
  A shadow imp (D:7)
  A white imp (D:5)
  2 ufetubi
  An adder zombie (D:5)
  A worm (D:2)
  A dart slug (D:1)
  54 orcs
  7 bats
  3 endoplasms
  5 giant cockroaches
  6 goblins
  2 hobgoblins
  5 jackals
  A quokka (D:4)
  13 ball pythons
  2 frilled lizards
  13 kobolds
  5 rats
212 creatures vanquished.

Vanquished Creatures (others)
  7 withered plants (D:9)
7 creatures vanquished.

Grand Total: 219 creatures vanquished

Notes
Turn   | Place    | Note
-------+----------+-------------------------------------------
     0 | D:1      | Aldia the Gargoyle Earth Elementalist began the quest for
                  | the Orb.
     0 | D:1      | Reached XP level 1. HP: 10/10 MP: 3/3
   363 | D:1      | Reached XP level 2. HP: 16/16 MP: 3/5
   949 | D:1      | Found a faded altar of an unknown god.
  1002 | D:1      | Reached skill level 1 in Fighting
  1174 | D:2      | Reached XP level 3. HP: 16/20 MP: 6/6
  2054 | D:2      | Reached XP level 4. HP: 25/25 MP: 5/7
  2358 | D:3      | Found a stormy altar of Qazlal.
  2461 | D:3      | Reached skill level 5 in Earth Magic
  2465 | D:3      | Reached XP level 5. HP: 25/30 MP: 2/9
  2582 | D:3      | Learned a level 3 spell: Stone Arrow
  2625 | D:3      | Found a burning altar of Makhleb.
  2849 | D:3      | Found a shimmering blue altar of Sif Muna.
  2867 | D:3      | Found a white marble altar of Elyvilon.
  3282 | D:4      | Found a hide-covered altar of Uskayaw.
  3295 | D:4      | Found a staircase to the Ecumenical Temple.
  3305 | Temple   | Entered the Ecumenical Temple
  3486 | D:3      | Became a worshipper of Sif Muna the Loreminder
  3893 | D:4      | Reached skill level 1 in Conjurations
  4022 | D:5      | Entered Level 5 of the Dungeon
  4022 | D:5      | Noticed a sky beast
  4023 | D:5      | Noticed a centaur
  4071 | D:5      | Noticed Menkaure
  4074 | D:5      | Killed a sky beast
  4075 | D:5      | Reached XP level 6. HP: 36/36 MP: 3/10
  4135 | D:4      | Learned a level 3 spell: Mephitic Cloud
  4137 | D:4      | Learned a level 1 spell: Magic Dart
  4471 | D:5      | Killed Menkaure
  4472 | D:5      | Reached XP level 7. HP: 41/41 MP: 2/12
  4486 | D:4      | Learned a level 2 spell: Passwall
  4668 | D:5      | Reached * piety under Sif Muna
  4669 | D:5      | Reached skill level 1 in Poison Magic
  4868 | D:5      | Reached skill level 5 in Conjurations
  4881 | D:5      | Reached XP level 8. HP: 17/46 MP: 3/14
  5181 | D:5      | Reached skill level 1 in Air Magic
  5759 | D:5      | Learned a level 3 spell: Conjure Flame
  5816 | D:5      | Noticed a yak
  5825 | D:5      | Found a bloodstained altar of Trog.
  5827 | D:5      | Noticed a yak
  5842 | D:5      | Killed a yak
  5843 | D:5      | Reached skill level 1 in Shields
  5918 | D:5      | Noticed a yak
  5926 | D:5      | Killed a yak
  5950 | D:5      | Killed a yak
  6141 | D:6      | Reached skill level 5 in Spellcasting
  6141 | D:6      | Reached XP level 9. HP: 38/50 MP: 9/16
  6453 | D:6      | Identified the +3 ring mail of the Planets {Stlth+}
  6964 | D:6      | Learned a level 6 spell: Iron Shot
  7464 | D:7      | Reached skill level 1 in Invocations
  7466 | D:7      | Reached ** piety under Sif Muna
  8420 | D:7      | Noticed a gargoyle
  8423 | D:7      | Found a faded altar of an unknown god.
  8588 | D:8      | Noticed Pikel
  8595 | D:8      | Killed Pikel
  8596 | D:8      | Reached XP level 10. HP: 47/56 MP: 2/19
  8715 | D:8      | Noticed Erica
  8722 | D:8      | Killed Erica
  8723 | D:8      | Reached skill level 5 in Shields
  8981 | D:8      | Found Uzxag's Jewellery Emporium.
  9178 | D:8      | Found a basalt altar of Yredelemnul.
  9427 | D:8      | Noticed a green ugly thing
  9434 | D:8      | Killed a green ugly thing
  9552 | D:8      | Noticed Psyche
  9556 | D:8      | Killed Psyche
  9891 | D:8      | Found a runed translucent gate.
  9891 | D:8      | Found a runed translucent gate.
  9892 | D:8      | Noticed a brown ugly thing
  9893 | D:8      | Noticed a red very ugly thing
  9895 | D:8      | Found a runed translucent gate.
  9895 | D:8      | Noticed a cyan ugly thing
  9896 | D:8      | Noticed a brown ugly thing
 10001 | D:9      | Found an opulent altar of Gozag.
 10094 | D:9      | Found Miasoot's Specific Store.
 10094 | D:9      | Found Rynoxtai's General Store.
 10100 | D:9      | Bought a +2 buckler of protection for 236 gold pieces
 10100 | D:9      | Bought a scroll of blinking for 82 gold pieces
 10207 | D:9      | Found an ancient bone altar of Kikubaaqudgha.
 10240 | D:9      | Noticed a two-headed ogre
 10253 | D:9      | Killed a two-headed ogre
 10810 | D:10     | Entered Level 10 of the Dungeon
 10827 | D:10     | Found a sacrificial altar of Ru.
 10844 | D:10     | Reached skill level 10 in Earth Magic
 10980 | D:10     | Found a staircase to the Orcish Mines.
 11041 | D:10     | Found a radiant altar of Vehumet.
 11096 | D:10     | Reached *** piety under Sif Muna
 11244 | D:10     | Found an ornate altar of the Wu Jian Council.
 11339 | D:10     | Noticed a deep elf pyromancer
 11343 | D:10     | Killed a deep elf pyromancer
 11344 | D:10     | Reached skill level 1 in Armour
 11344 | D:10     | Reached XP level 11. HP: 61/61 MP: 8/21
 11657 | D:11     | Noticed a deep elf pyromancer
 11663 | D:10     | Killed a deep elf pyromancer
 11850 | D:11     | Found a flagged portal.
 11861 | Bailey   | Entered a bailey
 12196 | Bailey   | Noticed an orc knight
 12196 | Bailey   | Noticed an orc knight
 12197 | Bailey   | Noticed an orc knight
 12221 | Bailey   | Killed an orc knight
 12222 | Bailey   | Reached skill level 10 in Conjurations
 12236 | Bailey   | Noticed an orc knight
 12250 | Bailey   | Mangled by an orc knight

Illustrated notes

Levels and vault maps discovered:
D:1:      matt_arrival_spirals, layout_loops_cross, basic_ecumenical_altar
D:2:      layout_loops_ring, serial_aquarium, aquarium_bridge_square
          [aquarium_subvault_bridge, aquarium_subvault_balcony,
          aquarium_subvault_bridge, aquarium_subvault_window],
          aquarium_bridge_straight [aquarium_subvault_bridge,
          aquarium_subvault_balcony, aquarium_subvault_bridge,
          aquarium_subvault_window], aquarium_window_fake, aquarium_window_1,
          aquarium_view_2e, minmay_shallow_snake_nest
D:3:      layout_basic, lemuel_tele_altar, old_standard_altar,
          grunt_qazlal_sundering, mainiacjoe_overflow_small_starburst,
          serial_corexii_hall, corexii_hall_statues_i, corexii_hall_statues_x,
          corexii_hall_statues_l, chequers_hall_statues_y
D:4:      layout_rooms, old_standard_altar, minmay_temple_entry_crystal_x
D:5:      layout_cave_pools, mainiacjoe_overflow_catwalk, sword_in_stone,
          uniq_menkaure
D:6:      layout_loops_ring
D:7:      layout_loops_corners, beargit_hepliaklqana_dungeon_heroes
D:8:      minmay_evil_eye, layout_basic, lemuel_zombie_altar_yredelemnul,
          serial_curves, eino_curves_04, eino_curves_04,
          ploomutoo_gammafunk_ghost_potion_laboratory, serial_shops, shop,
          uniq_erica, uniq_pikel, uniq_psyche
D:9:      layout_roguey, kiku_gazebo_garden_becter,
          mainiacjoe_overflow_24_doors, minmay_misc_feat_rows,
          nicolae_specific_store
D:10:     layout_roguey, nzn_wu_jian_council_hall, amcnicky_altar_gilded,
          nicolae_vehumet_altar_sigil
D:11:     minmay_blocky_corners, layout_loops_ring, david_lair_shrubbed,
          enter_bailey_3
Temple:   nicolae_temple_figure_zero
Bailey:   bailey_polearm_5, bailey

Skill      XL: |  1  2  3  4  5  6  7  8  9 10 11 |
---------------+----------------------------------+-----
Earth Magic    | 4 5 6 7 8 10 | 10.8
Fighting       | 1 2 3 4 |  4.0
Conjurations   | 2 4 5 7 8 9 10 | 10.0
Spellcasting   | 3 4 5 6 7 |  7.6
Poison Magic   | 1 2 |  2.0
Air Magic      | 1 |  1.0
Dodging        | 2 |  2.0
Shields        | 2 4 6 |  6.0
Invocations    | 2 3 4 |  4.2
Armour         | 1 2 |  2.8
Stealth        | |  2.1
Transmutations | |  0.7

Action                   |  1- 3 |  4- 6 |  7- 9 | 10-12 || total
-------------------------+-------+-------+-------+-------++-------
Melee: Quarterstaff      |    12 |       |       |       ||    12
       Whip              |    70 |    91 |   115 |    99 ||   375
 Cast: Sandblast         |    17 |    15 |    52 |    43 ||   127
       Stone Arrow       |       |     8 |    40 |    53 ||   101
       Mephitic Cloud    |       |     1 |     9 |    11 ||    21
       Magic Dart        |       |       |     1 |       ||     1
  Use: Scroll            |       |    15 |     7 |     3 ||    25
       Potion            |       |     1 |       |     1 ||     2
 Stab: Sleeping          |     7 |     3 |       |     1 ||    11
       Confused          |       |       |       |     3 ||     3
Armor: Robe              |    36 |    29 |    47 |     2 ||   114
       Skin              |       |       |       |    64 ||    64
       Acid dragon scale |       |       |       |    53 ||    53
Dodge: Dodged            |    76 |   102 |   122 |    89 ||   389
Block: Kite shield       |       |       |       |    22 ||    22
       Buckler           |       |       |       |    44 ||    44
